 Dungeon Crawl Stone Soup version 0.17.1-3-g152610e (webtiles) character file.

29975 Heskey the Fighter (level 13, -7/111 HPs)
             Began as a Demonspawn Fighter on Mar 21, 2016.
             Was the Champion of Qazlal.
             Killed by divine providence
             ... invoked by a deep elf priest
              (11 damage)
             ... on level 1 of the Elven Halls.
             The game lasted 00:40:45 (12326 turns).

Heskey the Fighter (Demonspawn Fighter)            Turns: 12326, Time: 00:40:45

Health: -7/111     AC: 23    Str: 22      XL:     13   Next: 18%
Magic:  8/8        EV:  5    Int: 12      God:    Qazlal [******]
Gold:   1732       SH: 19    Dex: 12 (13) Spells: 0 memorised, 12 levels left

rFire  . . .     SeeInvis .     t - +2 war axe (antimagic)
rCold  . . .     Clarity  .     H - +3 plate armour
rNeg   . . .     SustAt   .     c - +0 shield
rPois  .         Gourm    .     (helmet unavailable)
rElec  .         Spirit   .     z - +1 cloak
rCorr  .         Warding  .     (no gloves)
rMut   .         Stasis   .     (no boots)
MR     .....                    (no amulet)
Stlth  ..........               P - ring of the Octopus King {MP+9 AC+1 EV+1 Str+1 Int+1 Dex+1}
                                w - +3 ring of slaying

@: about to teleport, repel missiles, not resistant to hostile enchantments,
extremely unstealthy
A: horns 3, icy blue scales 2, demonic guardian 1, powered by death 2
a: Upheaval, Elemental Force, Disaster Area, Renounce Religion


You were on level 1 of the Elven Halls.
You worshipped Qazlal.
Qazlal was exalted by your worship.
You were not hungry.

You visited 3 branches of the dungeon, and saw 17 of its levels.
You also visited: Ossuary and Volcano.

You collected 1862 gold pieces.
You spent 130 gold pieces at shops.

Inventory:

Hand Weapons
 t - a +2 antimagic war axe (weapon)
 A - a +1 battleaxe of draining
 J - a +0 executioner's axe
Missiles
 m - 5 javelins (quivered)
Armour
 a - a +1 pair of boots
 c - a +0 shield (worn)
 f - a +0 pair of gloves of fire resistance
 z - a +1 cloak (worn)
 H - a +3 plate armour (worn)
Jewellery
 u - a +2 ring of strength
 w - a +3 ring of slaying (left hand)
 N - an uncursed ring of protection from magic
 P - a ring of the Octopus King (right hand) {MP+9 AC+1 EV+1 Str+1 Int+1 Dex+1}
   (You found it on level 12 of the Dungeon)

   [ring of magical power]

   It affects your AC (+1).
   It affects your evasion (+1).
   It affects your strength (+1).
   It affects your intelligence (+1).
   It affects your dexterity (+1).
   It affects your magic capacity (+9).
Wands
 q - a wand of flame (34)
 y - a wand of polymorph (12)
 G - a wand of magic darts (27)
 I - a wand of random effects (23)
Scrolls
 b - 2 scrolls of enchant weapon
 g - a scroll of fog
 j - 6 scrolls of remove curse
 l - a scroll of teleportation
 n - a scroll of fear
 r - a scroll of identify
 C - a scroll of amnesia
 K - a scroll of magic mapping
 L - a scroll of recharging
Potions
 o - 2 potions of berserk rage
 p - 2 potions of agility
 x - 2 potions of curing
 B - a potion of resistance
 D - 2 potions of brilliance
 E - a potion of degeneration {unknown}
Books
 h - a Grand Grimoire

   Spells                             Type                      Level
   a - Monstrous Menagerie            Summoning                    6
   b - Summon Greater Demon           Summoning                    7
   c - Malign Gateway                 Summoning/Translocation      7
   d - Summon Horrible Things         Summoning                    8
 v - a book of Enchantments

   Spells                             Type                      Level
   a - Cause Fear                     Hexes                        4
   b - Silence                        Hexes/Air                    5
   c - Deflect Missiles               Charms/Air                   6
   d - Haste                          Charms                       6
   e - Discord                        Hexes                        8
Miscellaneous
 M - a fan of gales (inert)
Comestibles
 d - a slice of pizza
 e - 8 bread rations
 i - 13 royal jellies
 k - 9 meat rations
 s - 5 beef jerkies
 F - a fruit


   Skills:
 * Level 13.4 Fighting
 * Level 11.3 Axes
 + Level 9.3 Armour
 - Level 8.4 Shields
 + Level 5.6 Invocations


You had 12 spell levels left.
You didn't know any spells.

Dungeon Overview and Level Annotations

Branches:
Dungeon (12/15)            Temple (0/1) D:6            Lair (0/8) D:11
    Orc (4/4) D:12            Elf (1/3) Orc:4

Altars:
Cheibriados
Dithmenos
Fedhas
Gozag
Kikubaaqudgha
Okawaru
Qazlal
Trog
Xom
Yredelemnul
Zin
The Shining One
Beogh

Shops:
D:8 *   Orc:4 [[([

Annotations:
D:4 Dowan, Duvessa, Sigmund


Innate Abilities, Weirdness & Mutations

You have a pair of large horns on your head.
You are mostly covered in icy blue scales (AC +3, EV -1).
A weak demonic guardian rushes to your aid.
You regenerate health from kills.


Message History

You feel strangely unstable.
Your air elemental closely misses the deep elf summoner.
Your air elemental hits the deep elf summoner!
The deep elf summoner gestures wildly while chanting.
The deep elf summoner blinks!
The deep elf summoner casts a spell.
The deep elf summoner blinks!
Unknown command.
You hear a shout!
Your air elemental is engulfed in roaring flames.
You hear a grinding noise.
The deep elf summoner mumbles some strange words.
The deep elf summoner blinks!
A deep elf priest comes into view. It is wielding a scimitar.
You swap places.
You hear a shout!
The deep elf priest weeps quietly.
The deep elf priest mumbles some strange prayers to its god against you.
Something smites you!
You die...

############
..e..$.....###
#..§E@§§..#
#e#.#.#.#.#
#.#.#.#
.....e.
..e###### ...#
...# .#..


You could see 2 deep elf priests and a friendly air elemental.

Vanquished Creatures
  An orc warlord (Orc:4)
  A deep elf knight (Elf:1)
  2 orc high priests (Orc:4)
  2 hill giants
  3 ugly things
  7 orc sorcerers
  2 orc knights
  A centaur zombie (D:9)
  A gargoyle (D:8)
  6 trolls
  A queen bee (D:11)
  2 deep elf priests (Elf:1)
  4 two-headed ogres
  The ghost of nublet the Ruffian, an amateur DrMo (D:4)
  4 deep elf magi
  13 yaks
  2 hungry ghosts (D:10)
  A deep elf fighter (D:11)
  2 hippogriffs (D:11)
  A wyvern (D:10)
  A warg (Orc:4)
  A soldier ant (D:11)
  A water moccasin (D:5)
  8 ogres
  38 orc warriors
  A sky beast (D:8)
  A necrophage (D:6)
  A phantom (D:8)
  3 black bears
  4 eyes of draining
  3 ice beasts
  3 crocodiles (D:11)
  27 centaurs
  8 gnoll sergeants
  3 big kobolds (D:12)
  4 giant frogs
  6 scorpions
  28 killer bees (D:11)
  An electric eel (D:12)
  5 crimson imps
  7 wights
  A quasit (D:11)
  A giant frog zombie (D:7)
  A hound (D:9)
  4 jellies
  3 giant frog skeletons
  29 orc priests
  5 centaur skeletons
  9 worker ants
  7 iguanas
  28 orc wizards
  3 hound skeletons
  2 mummies (Ossuary)
  17 gnolls
  4 river rats (D:11)
  8 adders
  2 oozes
  4 adder zombies
  An adder skeleton (D:6)
  2 worms
  A giant gecko (D:7)
  171 orcs
  12 bats
  4 giant cockroaches
  6 goblins
  5 hobgoblins
  9 jackals
  5 kobolds
  4 quokkas
  5 giant newts
  6 hobgoblin zombies (Ossuary)
  4 kobold zombies (Ossuary)
  An orc zombie (Ossuary)
  2 quokka zombies (Ossuary)
  18 rats
  2 rat zombies (Ossuary)
  A fungus (D:11)
  A plant (D:11)
599 creatures vanquished.

Vanquished Creatures (collateral kills)
  A merfolk (D:10)
  An orc warrior (Orc:4)
  A sky beast (D:7)
  An ogre (D:7)
  A scorpion (D:5)
  An orc priest (Orc:4)
  A mummy (Ossuary)
  8 orcs
  A giant cockroach (D:4)
16 creatures vanquished.

Vanquished Creatures (others)
  An ogre (D:8)
  A scorpion (D:8)
  A worker ant (D:8)
  An adder (D:8)
  17 fungi (D:11)
  16 plants (D:11)
37 creatures vanquished.

Grand Total: 652 creatures vanquished

Notes
Turn   | Place    | Note
--------------------------------------------------------------
     0 | D:1      | Heskey the Demonspawn Fighter began the quest for the Orb.
     0 | D:1      | Reached XP level 1. HP: 18/18 MP: 1/1
   236 | D:1      | Gained mutation: You are partially covered in icy blue scales (AC +1). [demonic ancestry]
   236 | D:1      | Reached XP level 2. HP: 24/24 MP: 2/2
  1048 | D:2      | Found a snail-covered altar of Cheibriados.
  1065 | D:2      | Gained mutation: You have a pair of small horns on your head. [demonic ancestry]
  1065 | D:2      | Reached XP level 3. HP: 21/29 MP: 3/3
  1069 | D:2      | Found a basalt altar of Yredelemnul.
  1673 | D:3      | Found a stormy altar of Qazlal.
  1713 | D:3      | Became a worshipper of Qazlal Stormbringer
  1983 | D:3      | Gained mutation: You have a pair of horns on your head. [demonic ancestry]
  1983 | D:3      | Reached XP level 4. HP: 30/37 MP: 4/4
  2118 | D:3      | Found an ancient bone altar of Kikubaaqudgha.
  2123 | D:3      | Reached skill level 4 in Fighting
  2829 | D:4      | Reached XP level 5. HP: 14/43 MP: 5/5
  3019 | D:4      | Noticed nublet's ghost (amateur DrMo)
  3179 | D:4      | Killed nublet's ghost
  3179 | D:4      | Reached skill level 5 in Fighting
  3179 | D:4      | Gained mutation: A weak demonic guardian rushes to your aid. [demonic ancestry]
  3179 | D:4      | Reached XP level 6. HP: 34/51 MP: 6/6
  3341 | D:4      | Noticed a phantom
  3346 | D:4      | Noticed Duvessa
  3346 | D:4      | Noticed Sigmund
  3348 | D:4      | Noticed Dowan
  3366 | D:5      | Entered Level 5 of the Dungeon
  3398 | D:5      | Found a sand-covered staircase.
  3421 | Ossuary  | Entered an ossuary
  3429 | Ossuary  | Reached * piety under Qazlal
  3431 | Ossuary  | Gained mutation: You have a pair of large horns on your head. [demonic ancestry]
  3431 | Ossuary  | Reached XP level 7. HP: 17/56 MP: 7/7
  4046 | D:5      | Reached ** piety under Qazlal
  4108 | D:5      | Noticed a water moccasin
  4109 | D:5      | Reached skill level 6 in Fighting
  4121 | D:5      | Killed a water moccasin
  4362 | D:6      | Noticed a yak
  4362 | D:6      | Noticed a yak
  4362 | D:6      | Noticed a yak
  4362 | D:6      | Noticed a yak
  4362 | D:6      | Noticed a yak
  4362 | D:6      | Noticed a yak
  4367 | D:5      | Killed a yak
  4367 | D:5      | Gained mutation: You regenerate a little health from kills. [demonic ancestry]
  4367 | D:5      | Reached XP level 8. HP: 40/65 MP: 8/8
  4374 | D:5      | Killed a yak
  4374 | D:5      | Reached skill level 7 in Fighting
  4514 | D:6      | Killed a yak
  4514 | D:6      | Reached skill level 5 in Armour
  4514 | D:6      | Reached skill level 5 in Shields
  4518 | D:6      | Killed a yak
  4519 | D:6      | Killed a yak
  4521 | D:6      | Killed a yak
  4521 | D:6      | Reached skill level 8 in Fighting
  4668 | D:6      | Reached XP level 9. HP: 72/74 MP: 9/9
  4737 | D:6      | Found a staircase to the Ecumenical Temple.
  4763 | D:6      | Found a bloodstained altar of Trog.
  4786 | D:6      | Reached skill level 5 in Axes
  4963 | D:6      | Reached *** piety under Qazlal
  5177 | D:6      | Found an iron altar of Okawaru.
  5177 | D:6      | Found a glowing golden altar of the Shining One.
  5178 | D:6      | Found a glowing silver altar of Zin.
  5283 | D:7      | Found a shadowy altar of Dithmenos.
  5434 | D:7      | Reached skill level 9 in Fighting
  5571 | D:7      | Found a blossoming altar of Fedhas.
  5573 | D:7      | Found an opulent altar of Gozag.
  5822 | D:8      | Found Tocuntou's General Store.
  6118 | D:8      | Found a shimmering altar of Xom.
  6273 | D:8      | Reached XP level 10. HP: 83/83 MP: 3/10
  6324 | D:8      | Noticed a gargoyle
  6344 | D:8      | Killed a gargoyle
  6642 | D:9      | Reached **** piety under Qazlal
  6748 | D:9      | Reached skill level 10 in Fighting
  7503 | D:10     | Entered Level 10 of the Dungeon
  7714 | D:10     | Noticed a hill giant
  7720 | D:10     | Killed a hill giant
  7720 | D:10     | Gained mutation: You regenerate health from kills. [demonic ancestry]
  7720 | D:10     | Reached XP level 11. HP: 80/92 MP: 3/11
  8034 | D:10     | Reached ***** piety under Qazlal
  8147 | D:11     | Reached skill level 11 in Fighting
  8441 | D:11     | Noticed a hill giant
  8451 | D:11     | Killed a hill giant
  8855 | D:11     | Found a staircase to the Lair.
  8857 | D:11     | Reached ****** piety under Qazlal
  9138 | D:12     | Reached skill level 12 in Fighting
  9326 | D:12     | Got a ring of the Octopus King
  9371 | D:12     | Reached XP level 12. HP: 102/102 MP: 4/12
  9460 | D:12     | Found a staircase to the Orcish Mines.
  9522 | Orc:1    | Entered Level 1 of the Orcish Mines
  9776 | Orc:2    | Reached skill level 1 in Invocations
  9787 | Orc:2    | Reached skill level 10 in Axes
 10343 | Orc:3    | Found a roughly hewn altar of Beogh.
 10447 | Orc:4    | Entered Level 4 of the Orcish Mines
 10484 | Orc:4    | HP: 2/103 [orc warrior/dire flail (18)]
 10541 | Orc:4    | Found a roughly hewn altar of Beogh.
 10695 | Orc:4    | Found a dark tunnel.
 10699 | Orc:4    | Found a runed door.
 10751 | Orc:4    | Found a roughly hewn altar of Beogh.
 10783 | Volcano  | Entered a volcano
 10938 | Volcano  | Identified a ring of the Octopus King {MP+9 AC+1 EV+1 Str+1 Int+1 Dex+1} (You found it on level 12 of the Dungeon)
 11071 | Orc:4    | Found a roughly hewn altar of Beogh.
 11077 | Orc:4    | Found Zusuraps's Antique Armour Boutique.
 11085 | Orc:4    | Bought a pair of runed boots for 130 gold pieces
 11136 | Orc:4    | Reached skill level 13 in Fighting
 11143 | Orc:4    | Paralysed by an orc sorcerer for 4 turns
 11155 | Orc:4    | Noticed an orc warlord
 11188 | Orc:4    | Killed an orc warlord
 11286 | Orc:4    | Found a roughly hewn altar of Beogh.
 11342 | Orc:4    | Found a roughly hewn altar of Beogh.
 11418 | Orc:4    | Found a staircase to the Elven Halls.
 11464 | Orc:4    | Reached skill level 5 in Invocations
 11468 | Orc:4    | Gained mutation: You are mostly covered in icy blue scales (AC +3, EV -1). [demonic ancestry]
 11468 | Orc:4    | Reached XP level 13. HP: 108/111 MP: 8/16
 11470 | Orc:4    | Found Qemir's Antique Armour Shop.
 11471 | Orc:4    | Found a roughly hewn altar of Beogh.
 11472 | Orc:4    | Found Budommau's Antique Weapon Boutique.
 11567 | Orc:4    | Found Zusky's Antique Armour Emporium.
 12002 | Orc:4    | Found a roughly hewn altar of Beogh.
 12092 | Elf:1    | Entered Level 1 of the Elven Halls
 12303 | Elf:1    | Noticed a deep elf demonologist
 12309 | Elf:1    | Noticed a cacodemon
 12319 | Elf:1    | HP: 4/111 [deep elf priest/divine providence (16)]
 12326 | Elf:1    | Killed from afar by a deep elf priest

Action                   |  1- 3 |  4- 6 |  7- 9 | 10-12 | 13-15 || total
-------------------------+-------+-------+-------+-------+-------++-------
Melee: War axe           |   150 |    98 |   250 |   760 |    78 ||  1336
Evoke: Wand              |       |     2 |     1 |       |       ||     3
       Fan of gales      |       |       |       |       |     1 ||     1
  Use: Potion            |       |     4 |     2 |    15 |     1 ||    22
       Scroll            |       |       |    20 |    10 |     4 ||    34
 Stab: Distracted        |       |       |     1 |     3 |       ||     4
  Eat: Chunk             |     3 |     5 |     6 |     9 |       ||    23
       Fruit             |       |     1 |       |     1 |       ||     2
       Beef jerky        |       |       |     1 |     2 |       ||     3
       Meat ration       |       |       |       |     1 |       ||     1
       Bread ration      |       |       |       |     1 |     1 ||     2
